 Dungeon Crawl Stone Soup version 0.23-a0-391-g8c51ad5 (webtiles) character file.

147 Garbasso the Insei (level 5, -5/38 HPs)
             Began as a Demonspawn Transmuter on Oct 30, 2018.
             Killed from afar by an orc wizard (6 damage)
             ... with a magic dart
             ... on level 3 of the Dungeon.
             The game lasted 00:10:25 (2174 turns).

Garbasso the Insei (Demonspawn Transmuter)          Turns: 2174, Time: 00:10:26

Health: -5/38      AC:  3    Str: 15    XL:     5   Next: 8%
Magic:  1/8        EV: 12    Int: 17    God:
Gold:   124        SH:  0    Dex: 14    Spells: 2/8 levels left

rFire    . . .     SeeInvis .     - Unarmed
rCold    . . .     Gourm    .   (no shield)
rNeg     . . .     Faith    .   b - +0 robe
rPois    .         Spirit   .   (no helmet)
rElec    .         Reflect  .   (no cloak)
rCorr    .         Harm     .   (no gloves)
MR       .....                  i - +0 pair of boots
Stlth    +.........             (no amulet)
HPRegen  0.12/turn              h - -3 ring of intelligence (curse)
MPRegen  0.11/turn              (no ring)

@: mighty, brilliant, very slightly contaminated, invisible
A: powered by death 1, spiny 1
a: no special abilities


You were on level 3 of the Dungeon.
You were hungry.

You visited 1 branch of the dungeon, and saw 3 of its levels.

You collected 124 gold pieces.

Inventory:

Missiles
 a - 53 arrows
 g - 125 stones (quivered)
Armour
 b - a +0 robe (worn)
 i - a +0 pair of boots (worn)
Jewellery
 h - a cursed -3 ring of intelligence (left hand)
Scrolls
 e - a scroll of amnesia
 n - 2 scrolls of teleportation
Potions
 c - a potion of flight {unknown}
 k - a potion of might
Comestibles
 d - 6 rations


   Skills:
 + Level 2.2 Fighting
 - Level 1.7 Dodging
 + Level 3.9 Unarmed Combat
 - Level 2.0 Spellcasting
 * Level 3.3 Transmutations


You had 2 spell levels left.
You knew the following spells:

 Your Spells              Type           Power        Failure   Level  Hunger
a - Beastly Appendage     Tmut           ###...       1%          1    #......
b - Sticks to Snakes      Tmut           ###.....     1%          2    ###....
c - Spider Form           Tmut/Pois      ###.......   3%          3    ###....

Your spell library contained the following spells:

 Spells                   Type           Power        Failure   Level  Hunger
 Ice Form                 Ice/Tmut       ###.....     11%         4    #####..
 Blade Hands              Tmut           ###.......   14%         5    ######.


Dungeon Overview and Level Annotations

Branches:
Dungeon (3/15)

Altars:


Innate Abilities, Weirdness & Mutations

You regenerate a little health from kills.
You are partially covered in sharp spines.


Message History

It was a potion of might.
You feel very mighty all of a sudden.
The orc wizard points at you and mumbles some strange words.
The magic dart hits you!
* * * LOW HITPOINT WARNING * * *
It was a potion of brilliance.
You feel clever all of a sudden.
It was a potion of invisibility.
You fade into invisibility!
Found a mace.
Casting: Sticks to Snakes (safe; 1% risk of failure)
Confirm with . or Enter, or press ? or * to list all spells.
You don't have enough magic to cast that spell.
The orc wizard is struck by your spines.
The orc wizard hits you but does no damage.
You completely miss the orc wizard. Your punch misses the orc wizard.
The orc wizard is lightly wounded.
The orc wizard points at you and mumbles some strange words.
The magic dart hits you!
You die...

##.# #.#.## ......#####
..........# #.#
.#........# ##.##
.$........# #...#
#..#..#.## #...#
)##...)o.### #...#
.......@...######...####
.####......##...........
.....##..............#.
####. ##..##...........
#.###).######...####
#......# #...#
#####.#######...#
#........#.?.#
#..#####.##.##


You could see an orc wizard.

Vanquished Creatures
  An orc priest (D:3)
  4 adders
  A worm (D:3)
  2 dart slugs (D:1)
  A leopard gecko (D:3)
  2 orcs (D:3)
  2 giant cockroaches
  4 goblins
  9 hobgoblins
  4 jackals (D:2)
  A quokka (D:2)
  6 bats
  3 frilled lizards (D:1)
  6 kobolds
  5 rats
51 creatures vanquished.

Vanquished Creatures (collateral kills)
  2 adders (D:2)
  An ooze (D:2)
  A dart slug (D:2)
  A leopard gecko (D:2)
  2 jackals (D:2)
7 creatures vanquished.

Grand Total: 58 creatures vanquished

Notes
Turn   | Place    | Note
-------+----------+-------------------------------------------
     0 | D:1      | Garbasso the Demonspawn Transmuter began the quest for the
                  | Orb.
     0 | D:1      | Reached XP level 1. HP: 15/15 MP: 3/3
   432 | D:1      | Gained mutation: You regenerate a little health from kills.
                  | [demonic ancestry]
   432 | D:1      | Reached XP level 2. HP: 20/21 MP: 1/5
   612 | D:1      | Learned a level 2 spell: Sticks to Snakes
   858 | D:2      | Reached XP level 3. HP: 15/26 MP: 1/6
  1260 | D:2      | Learned a level 3 spell: Spider Form
  1427 | D:2      | Reached XP level 4. HP: 31/32 MP: 3/7
  2160 | D:3      | Gained mutation: You are partially covered in sharp spines.
                  | [demonic ancestry]
  2160 | D:3      | Reached XP level 5. HP: 24/38 MP: 3/8
  2168 | D:3      | HP: 1/38 [orc wizard/magic dart (8)]
  2174 | D:3      | Killed from afar by an orc wizard

Vault maps used:
D:1:      minmay_arrival_five_plusses

Skill      XL: |  1  2  3  4 |
---------------+-------------+-----
Unarmed Combat | 3 |  3.9
Transmutations | 2 3 |  3.3
Fighting       | 2 |  2.2
Dodging        | |  1.7
Spellcasting   | |  2.0

Action                   |  1- 3 |  4- 6 || total
-------------------------+-------+-------++-------
Melee: Unarmed           |   104 |    61 ||   165
       Headbutt          |    12 |     3 ||    15
       Punch             |       |     1 ||     1
Throw: Stone             |    28 |     9 ||    37
 Cast: Beastly Appendage |    17 |     4 ||    21
       Sticks to Snakes  |     5 |     1 ||     6
       Spider Form       |     1 |     2 ||     3
 Abil: End Transformatio |       |     1 ||     1
  Use: Potion            |     1 |     3 ||     4
       Scroll            |       |     6 ||     6
  Eat: Chunk             |     2 |     3 ||     5
Armor: Robe              |    33 |     6 ||    39
       Skin              |       |     1 ||     1
Dodge: Dodged            |    75 |    32 ||   107

Table legend:
 A = Non-vault XP
 B = Vault XP
 C = Vault XP percentage of total XP
 D = Non-vault monster count
 E = Vault monster count
 F = Vault count percentage of total count
                 A         B        C        D         E       F
            +---------+---------+-------+---------+---------+-------
      Total |     211 |       0 |   0.0 |      58 |       0 |   0.0
            +---------+---------+-------+---------+---------+-------
        D:1 |      23 |       0 |   0.0 |      14 |       0 |   0.0
        D:2 |      90 |       0 |   0.0 |      28 |       0 |   0.0
        D:3 |      98 |       0 |   0.0 |      16 |       0 |   0.0
            +---------+---------+-------+---------+---------+-------
